 Dungeon Crawl Stone Soup version 0.19.5 (webtiles) character file.

9 Patchall the Caller (level 2, -1/13 HPs)
             Began as a Vine Stalker Summoner on Mar 29, 2017.
             Slain by a jackal (2 damage)
             ... on level 1 of the Dungeon on Mar 30, 2017.
             The game lasted 00:12:32 (492 turns).

Patchall the Caller (Vine Stalker Summoner)          Turns: 492, Time: 00:12:32

Health: -1/13      AC:  2    Str: 10    XL:     2   Next: 12%
Magic:  0/6        EV: 12    Int: 15    God:
Gold:   11         SH:  0    Dex: 14    Spells: 1 memorised, 4 levels left

rFire  . . .     SeeInvis .     (no weapon)
rCold  . . .     Gourm    .     a - +0 robe
rNeg   . . .     Faith    .     (no shield)
rPois  .         Spirit   +     (no helmet)
rElec  .         Reflect  .     (no cloak)
rCorr  .         Harm     .     (no gloves)
MR     .....                    (no boots)
Stlth  ++........               (no amulet)
                                (no ring)
                                (no ring)

@: very slightly contaminated
A: fangs 2, magic shield, antimagic bite, no device heal 3, rot immunity
a: no special abilities


You were on level 1 of the Dungeon.
You were not hungry.

You visited 1 branch of the dungeon, and saw 1 of its levels.

You collected 11 gold pieces.

Inventory:

Missiles
 e - 29 arrows
Armour
 a - a +0 robe (worn)
 g - a +0 ring mail
Potions
 f - 2 potions of flight {unknown}
Books
 b - a book of Callings

   Spells                             Type                      Level
   a - Summon Small Mammal            Summoning                    1
   b - Call Imp                       Summoning                    2
   c - Call Canine Familiar           Summoning                    3
   d - Summon Guardian Golem          Hexes/Summoning              3
   e - Summon Lightning Spire         Summoning/Air                4
   f - Summon Ice Beast               Ice/Summoning                4
Comestibles
 c - a bread ration
 d - 3 chunks of flesh
 h - a meat ration


   Skills:
 + Level 1.6 Dodging
 + Level 2.5 Stealth
 + Level 2.3 Spellcasting
 + Level 4.2 Summonings


You had 4 spell levels left.
You knew the following spells:

 Your Spells              Type           Power        Failure   Level  Hunger
a - Summon Small Mammal   Summ           ##..         4%          1    #......


Dungeon Overview and Level Annotations

Branches:
Dungeon (1/15)

Altars:


Innate Abilities, Weirdness & Mutations

You have extremely sharp teeth.
When hurt, damage is shared between your health and your magic reserves.
Your bite disrupts and absorbs the magic of your enemies.
Potions and wands cannot restore your health.
You are immune to rotting.


Message History

The jackal bites your quokka.
Your quokka closely misses the jackal.
Found 12 gold pieces.
The hobgoblin shouts!
Your quokka disappears in a puff of smoke!
The jackal completely misses you.
You hit the jackal but do no damage.
The jackal is almost dead.
The jackal bites you.
* * * LOW HITPOINT WARNING * * *
You barely miss the jackal.
The jackal is almost dead.
The jackal bites you.
* * * LOW HITPOINT WARNING * * *
A hobgoblin comes into view. It is wielding a club.
You barely miss the jackal.
The hobgoblin shouts!
You bite the jackal, but do no damage.
The jackal is almost dead.
The jackal bites you. x2
You die...

#.###.#####.......#
#......h)..[......#
#####.####†.......#
#.# #........# #g.
#........# ....
#........#
.....#.........
$.....#.h.......
.?....#.@.......
#.#..>....
#.#g..###. #....##
.....# ###$## g# .#


You could see a jackal and 2 hobgoblins.

Vanquished Creatures
  A bat (D:1)
  2 giant cockroaches (D:1)
3 creatures vanquished.

Vanquished Creatures (collateral kills)
  A goblin (D:1)
  2 hobgoblins (D:1)
  A jackal (D:1)
  A kobold (D:1)
  A rat (D:1)
6 creatures vanquished.

Grand Total: 9 creatures vanquished

Notes
Turn   | Place    | Note
-------+----------+-------------------------------------------
     0 | D:1      | Patchall the Vine Stalker Summoner began the quest for the Orb.
     0 | D:1      | Reached XP level 1. HP: 9/9 MP: 4/4
     3 | D:1      | Noticed a formicid
     3 | D:1      | Noticed a ghoul
     5 | D:1      | Noticed a spriggan
     5 | D:1      | Noticed a dwarf
     7 | D:1      | Noticed a centaur
     7 | D:1      | Noticed a vampire
     9 | D:1      | Noticed a vine stalker
     9 | D:1      | Noticed a gargoyle
    11 | D:1      | Noticed a tengu
    11 | D:1      | Noticed a minotaur
    13 | D:1      | Noticed a halfling
    15 | D:1      | Noticed a demonspawn
    15 | D:1      | Noticed a merfolk
    17 | D:1      | Noticed a naga
    19 | D:1      | Noticed a demigod
    19 | D:1      | Noticed a draconian
    21 | D:1      | Noticed a human
    23 | D:1      | Noticed an octopode
    23 | D:1      | Noticed an elf
    25 | D:1      | Noticed a felid
    27 | D:1      | Noticed an ogre
    27 | D:1      | Noticed a troll
   465 | D:1      | Reached XP level 2. HP: 13/13 MP: 6/6
   492 | D:1      | Slain by a jackal

Action                   || total
-------------------------++-------
Melee: Club              ||    10
       Unarmed           ||    21
       Bite              ||     4
 Cast: Summon Small Mamm ||    16
  Use: Scroll            ||     1
       Potion            ||     1
Armor: Robe              ||    11
       Skin              ||     3
Dodge: Dodged            ||    33
